AoeStats
← Tian

Arena

505520369Analyzed
2v2 RM · 21d ago on Sep 9, 2026· 29m 30s· 4 players
Game mode
Random Map
Map size
Medium (4 player)
Population
200
Speed
Normal
Resources
Standard
Victory
Conquest
Starting age
Dark Age
Ending age
Imperial Age
RankedLock teamsTeams togetherTeam positionsShared explorationLock speedFull tech treeHidden civsTurbo modeCheats
Victory
Defeat
🇩🇪 Cumans · Germany
885
+16
🇺🇸 Cumans · United States
864
+17
🇸🇪 Magyars · Sweden
897
-16
🇸🇪 Japanese · Sweden
888
-17
Tobi
8:06 Loom
10:38 Feudal Age
11:36 Horse Collar
11:42 Double-Bit Axe
15:32 Fletching
16:05 Padded Archer Armor
30:18 Castle Age
Imported Heineken™ ★
10:54 Feudal Age
12:38 Double-Bit Axe
24:35 Castle Age
25:42 Wheelbarrow
24:55 Town Watch
24:55 Loom
26:40 Scale Mail Armor
28:01 Bow Saw
Tian
10:25 Feudal Age
12:38 Double-Bit Axe
12:55 Loom
17:36 Castle Age
15:29 Horse Collar
19:56 Bow Saw
21:56 Scale Barding Armor
23:25 Chain Barding Armor
Brorbert
3:20 Loom
11:48 Feudal Age
12:23 Arson
13:28 Wheelbarrow
13:14 Horse Collar
15:02 Stone Mining
15:10 Gold Mining
17:23 Town Watch
18:43 Double-Bit Axe
19:31 Scale Mail Armor
19:25 Fletching
19:33 Man-at-Arms
Connection lost

Rejoining the realm…

Still unreachable

The connection could not be restored.

Session expired

The server has moved on; the page needs a fresh start.